 Dungeon Crawl Stone Soup version 0.31-a0-931-g7b59d4eb97 (webtiles) character file.

Game seed: 455105882380092480

24180 Ekaitz the Arsonist (level 12, -5/91 HPs)
             Began as a Demonspawn Fire Elementalist on Oct 19, 2023.
             Was a High Priest of Vehumet.
             Slain by a skyshark (14 damage)
             ... on level 4 of the Lair of Beasts.
             The game lasted 00:36:35 (11087 turns).

Ekaitz the Arsonist (Demonspawn Fire Elementalist) Turns: 11087, Time: 00:36:36

Health: -5/91      AC:  7    Str:  8    XL:     12   Next: 78%
Magic:  0/34       EV: 13    Int: 21    God:    Vehumet [*****.]
Gold:   645        SH:  0    Dex: 15    Spells: 3/29 levels left

rFire   + + .        y - staff of fire
rCold   x . .        (no shield)
rNeg    . . .        a - +0 robe
rPois   .            (no helmet)
rElec   .            G - +1 cloak
rCorr   .            (no gloves)
SInv    .            (boots unavailable)
Will    .....        s - amulet of regeneration
Stlth   ++           n - ring of magical power
HPRegen 1.15/turn    p - ring of fire
MPRegen 0.48/turn

%: guardian spirit
@: very slightly contaminated
A: hooves 3, thin metallic scales 2, foul stench 1, magic shield, magic
regeneration
a: Renounce Religion


You were on level 4 of the Lair of Beasts.
You worshipped Vehumet.
Vehumet was extremely pleased with you.
You visited 3 branches of the dungeon, and saw 14 of its levels.
You also visited: Sewer and Ossuary.

You collected 645 gold pieces.

Inventory:

Hand Weapons
 h - a +2 dagger of pain
 D - a +0 spear of freezing
 M - a +2 long sword of freezing
 N - a +1 scimitar of flaming
 P - a +2 dagger of freezing
 Q - a +3 dagger of electrocution
 X - a +4 long sword
Missiles
 q - 29 poisoned darts
 B - 2 curare-tipped darts
 C - a throwing net
Armour
 a - a +0 robe (worn)
 k - an orb of energy
 x - an orb of light
 G - a +1 cloak (worn)
 O - +0 swamp dragon scales
Magical Staves
 y - a staff of fire (weapon)
 A - a staff of poison
Jewellery
 n - a ring of magical power (left hand)
 p - a ring of fire (right hand)
 s - an amulet of regeneration (around neck)
 z - a ring of positive energy
 V - a +5 ring of evasion
Wands
 r - a wand of charming (6)
 T - a wand of mindburst (12)
 W - a wand of quicksilver (10)
 Z - a wand of roots (7)
Scrolls
 e - 3 scrolls of fear {unknown}
 f - 2 scrolls of fog {unknown}
 j - a scroll of amnesia
 m - 4 scrolls of teleportation {unknown}
 o - a scroll of acquirement {unknown}
 t - 3 scrolls of poison {unknown}
 u - 3 scrolls of immolation {unknown}
 v - 4 scrolls of noise {unknown}
 w - 2 scrolls of torment {unknown}
 L - 2 scrolls of revelation
 R - 2 scrolls of blinking {unknown}
 S - a scroll of vulnerability
 U - 2 scrolls of silence {unknown}
Potions
 b - 2 potions of magic
 c - 3 potions of curing
 d - 2 potions of resistance {unknown}
 g - a potion of lignification
 i - 5 potions of heal wounds {unknown}
 l - 3 potions of attraction
 E - a potion of might
 F - a potion of haste
 H - 2 potions of ambrosia {unknown}
 I - 2 potions of enlightenment {unknown}
 J - a potion of cancellation
 K - 3 potions of brilliance


   Skills:
 * Level 7.3 Fighting
 + Level 0.7 Short Blades
 + Level 0.3 Staves
 + Level 3.6 Dodging
 + Level 2.9 Stealth
 + Level 9.2 Spellcasting
 + Level 4.4 Conjurations
 + Level 6.0 Hexes
 * Level 7.4 Necromancy
 + Level 6.2 Translocations
 * Level 11.1 Fire Magic
 * Level 4.1 Air Magic


You had 3 spell levels left.
You knew the following spells:

 Your Spells              Type           Power      Damage    Failure   Level
a - Foxfire               Conj/Fire      100%       2x1d9     1%          1
b - Scorch                Fire           100%       2d9       1%          2
c - Volatile Blastmotes   Fire/Tloc      100%       2d18      1%          3
d - Iskenderun's Mystic   Conj/Tloc      32%        2d8       2%          4
e - Flame Wave            Conj/Fire      77%        2d17      1%          4
f - Starburst             Conj/Fire      38%        6d11      12%         6
i - Inner Flame           Hex/Fire       80%        N/A       1%          3
k - Shock                 Conj/Air       100%       1d9       1%          1
p - Apportation           Tloc           70%        N/A       1%          1
x - Kiss of Death         Conj/Necr      100%       2d13      1%          1

Your spell library contained the following spells:

 Spells                   Type           Power      Damage    Failure   Level
 Magic Dart               Conj           100%       1d8       1%          1
 Necrotise                Necr           100%       1d9       1%          1
 Lesser Beckoning         Tloc           70%        N/A       1%          2
 Searing Ray              Conj           56%        2d6       1%          2
 Sublimation of Blood     Necr           41%        N/A       1%          2
 Confusing Touch          Hex            35%        N/A       1%          3
 Gell's Gravitas          Tloc           35%        N/A       1%          3
 Teleport Other           Tloc           35%        N/A       1%          3
 Vampiric Draining        Necr           41%        2d8       1%          3
 Hailstorm                Conj/Ice       19%        3d6       2%          3
 Summon Small Mammal      Summ           36%        N/A       7%          1
 Wereblood                Tmut           9%         N/A       11%         2
 Ozocubu's Armour         Ice            9%         N/A       22%         3
 Fulminant Prism          Conj/Hex       15%        3d10      2%          4
 Fireball                 Conj/Fire      38%        3d16      2%          5
 Dispel Undead            Necr           41%        3d16      3%          4
 Brom's Barrelling Bould  Conj/Erth      19%        2d4       8%          4
 Agony                    Necr           41%        N/A       9%          5
 Iskenderun's Battlesphe  Conj           28%        2d8       9%          5
 Conjure Ball Lightning   Conj/Air       13%        3x3d6     41%         6
 Summon Ice Beast         Ice/Summ       9%         N/A       56%         4
 Orb of Destruction       Conj           14%        9d7       90%         7
 Simulacrum               Ice/Necr       12%        N/A       93%         6
 Ozocubu's Refrigeration  Ice            4%         4d8       100%        7
 Summon Hydra             Summ           4%         N/A       100%        7


Dungeon Overview and Level Annotations

Branches:
Dungeon (9/15)             Temple (1/1) D:5            Lair (4/5) D:8
 Shoals (0/4) Lair:3       Spider (0/4) Lair:3        Sewer (visited)
Ossuary (visited)
  Slime: Lair:4-5       Orc: D:9-12

Altars:
Ashenzari
Cheibriados
Dithmenos
Fedhas
Gozag
Kikubaaqudgha
Makhleb
Nemelex Xobeh
Okawaru
Qazlal
Ru
Trog
Uskayaw
Vehumet
Wu Jian
Xom
Yredelemnul

Shops:
D:2 :

Annotations:
D:7 2 transporters, osoart's ghost, novice GrEE
D:8 3 runed translucent doors, Hubris850's ghost, novice HOFi


Innate Abilities, Weirdness & Mutations

You have hooves in place of feet.
You are mostly covered in thin metallic scales. (AC +3)
You may rarely emit foul miasma when damaged in melee.
When hurt, damage is shared between your health and your magic reserves.
You regenerate magic rapidly.


Message History

The black mamba is engulfed in dark miasma.
The black mamba is poisoned.
The black mamba completely misses you. The skyshark completely misses you.
The skyshark closely misses you. The skyshark tail-slaps you!
* * * LOW HITPOINT WARNING * * *
You feel better.
The black mamba is engulfed in dark miasma.
The black mamba seems to slow down.
The black mamba misses you. The skyshark misses you.
The skyshark tail-slaps you.
* * * LOW HITPOINT WARNING * * *
The skyshark tail-slaps you!
* * * LOW HITPOINT WARNING * * *
The black mamba is engulfed in dark miasma.
The black mamba seems to slow down.
The black mamba closely misses you.
Casting: Flame Wave (mildly dangerous; 1% risk of failure)
Confirm with . or Enter, or press ? or * to list all spells.
You miscast Iskenderun's Mystic Blast.
You are very lightly contaminated with residual magic.
Nothing appears to happen.
The black mamba is engulfed in dark miasma.
The black mamba looks even sicker.
You kill the black mamba!
Vehumet accepts your kill.
You feel your power returning. The skyshark misses you.
The skyshark tail-slaps you but does no damage.
The skyshark misses you.
Unknown command.
Unknown command.
Casting: Iskenderun's Mystic Blast (dangerous; 2% risk of failure)
Confirm with . or Enter, or press ? or * to list all spells.
You feel a strong surge of power!
Flames lash the skyshark.
The skyshark is moderately wounded.
The skyshark's fire resistance burns away.
The skyshark closely misses you. The skyshark tail-slaps you!
* * * LOW HITPOINT WARNING * * *
The skyshark tail-slaps you!
* * * LOW HITPOINT WARNING * * *
Unknown command.
You feel better. The skyshark bites you!!
You die...

#....##.#
#.....#.##....## ...#
#♣.<.♣#..##....##...#
#....†...##...##....# .
#..♣.##..##....#....#..
...##.#.........##.......
......................#..
................○†.......
............P...@††......
.....P.....#....#l†......
~~..###...##.....##$.....
.... #....#....## ..##.
~.~ #...##....# ...
#...##....# #..
#...###^... . .... #.....
P...###


You could see a skyshark (strong, combustible).

Vanquished Creatures
  A hydra (Lair:2)
  A catoblepas (Lair:2)
  A two-headed ogre (D:9)
  2 death yaks (Lair:1)
  2 skysharks (Lair:4)
  A black mamba (Lair:4)
  A water nymph (Lair:3)
  8 cane toads
  Maggie (D:6)
  A torpor snail (Lair:1)
  4 komodo dragons
  An unseen horror (D:9)
  3 rime drakes
  A polar bear (Lair:2)
  2 hornets
  12 blink frogs
  A merfolk (Lair:3)
  Grinder (D:6)
  6 dream sheep (Lair:4)
  Sigmund (D:3)
  A spriggan (Lair:2)
  Eustachio (D:6)
  17 yaks
  2 wyverns
  3 basilisks
  Grum (D:8)
  A redback (Lair:3)
  2 wargs (D:8)
  2 steam dragons
  10 water moccasins
  3 ice beasts (D:6)
  3 orc warriors
  A black bear (Lair:2)
  2 ogres
  12 wolves
  4 centaurs
  A kobold brigand (D:8)
  9 bullfrogs
  3 scorpions
  6 water moccasin zombies (Ossuary)
  8 wights
  7 killer bees (D:9)
  2 howler monkeys
  A hound (D:7)
  A jelly (D:5)
  2 gnoll boudas
  5 orc priests
  A sleepcap (D:7)
  4 iguanas
  11 orc wizards
  2 mummies (Ossuary)
  5 adders
  10 gnolls
  A shadow imp (D:6)
  A white imp (D:7)
  5 adder zombies (Ossuary)
  A worm (D:4)
  4 dart slugs
  22 orcs
  9 ball pythons
  11 endoplasms
  4 giant cockroaches
  4 gnoll zombies (Ossuary)
  5 goblins
  8 hobgoblins
  3 jackals
  6 quokkas
  8 bats
  3 frilled lizards
  2 hobgoblin zombies (Ossuary)
  9 kobolds
  3 kobold zombies (Ossuary)
  4 orc zombies (Ossuary)
  12 rats
319 creatures vanquished.

Vanquished Creatures (collateral kills)
  5 foxfires
5 creatures vanquished.

Vanquished Creatures (others)
  1039 foxfires
1039 creatures vanquished.

Grand Total: 1363 creatures vanquished

Notes
Turn   | Place    | Note
-------+----------+-------------------------------------------
     0 | D:1      | Ekaitz the Demonspawn Fire Elementalist began the quest for
                  | the Orb.
     0 | D:1      | Reached XP level 1. HP: 13/13 MP: 3/3
   111 | D:1      | Reached skill level 3 in Fire Magic
   231 | D:1      | Gained mutation: You have large cloven feet. [demonic
                  | ancestry]
   231 | D:1      | Reached XP level 2. HP: 20/20 MP: 1/5
   234 | D:1      | Learned a level 2 spell: Scorch
   871 | D:1      | Gained mutation: You regenerate magic rapidly. [demonic
                  | ancestry]
   871 | D:1      | Reached XP level 3. HP: 25/25 MP: 3/6
   876 | D:1      | Learned a level 3 spell: Volatile Blastmotes
  1502 | D:2      | Found Unued's Book Shop.
  1665 | D:2      | Gained mutation: You may rarely emit foul miasma when
                  | damaged in melee. [demonic ancestry]
  1665 | D:2      | Reached XP level 4. HP: 27/31 MP: 7/7
  2028 | D:3      | Noticed Sigmund
  2035 | D:3      | Killed Sigmund
  2036 | D:3      | Reached skill level 1 in Fighting
  2036 | D:3      | Reached skill level 1 in Necromancy
  2036 | D:3      | Reached skill level 1 in Translocations
  2036 | D:3      | Reached skill level 4 in Fire Magic
  2036 | D:3      | Gained mutation: You have hoof-like feet. [demonic
                  | ancestry]
  2036 | D:3      | Reached XP level 5. HP: 28/37 MP: 8/8
  2037 | D:3      | Found a bloodstained altar of Trog.
  2043 | D:3      | Learned a level 3 spell: Inner Flame
  2104 | D:3      | Reached XP level 6. HP: 30/43 MP: 9/9
  2408 | D:3      | Found a blossoming altar of Fedhas.
  2524 | D:3      | Found a shadowy altar of Dithmenos.
  2619 | D:3      | Found a faded altar of an unknown god.
  3250 | D:4      | Learned a level 1 spell: Apportation
  3439 | D:4      | Found a radiant altar of Vehumet.
  3451 | D:4      | Became a worshipper of Vehumet
  3651 | D:4      | Found a burning altar of Makhleb.
  3739 | D:5      | Entered Level 5 of the Dungeon
  3750 | D:4      | HP: 1/44 [gnoll bouda/+0 club (13)]
  3988 | D:5      | Reached skill level 1 in Hexes
  3988 | D:5      | Gained mutation: You are partially covered in thin metallic
                  | scales. (AC +2) [demonic ancestry]
  3988 | D:5      | Reached XP level 7. HP: 37/51 MP: 3/12
  4016 | D:5      | Found a sand-covered staircase.
  4065 | Ossuary  | Entered an ossuary
  4110 | Ossuary  | Reached * piety under Vehumet
  4110 | Ossuary  | Offered knowledge of Kiss of Death by Vehumet.
  4250 | Ossuary  | Reached skill level 5 in Fire Magic
  4263 | Ossuary  | HP: 1/51 [water moccasin zombie (7)]
  4529 | D:5      | Reached XP level 8. HP: 55/57 MP: 14/14
  4546 | D:5      | Noticed a hornet
  4552 | D:5      | Killed a hornet
  4555 | D:5      | Learned a level 1 spell: Kiss of Death
  4596 | D:5      | Found a staircase to the Ecumenical Temple.
  4666 | Temple   | Entered the Ecumenical Temple
  4809 | D:5      | Found a basalt altar of Yredelemnul.
  4938 | D:5      | Found an iron altar of Okawaru.
  5065 | D:5      | Found a sacrificial altar of Ru.
  5135 | D:6      | Reached skill level 5 in Spellcasting
  5141 | D:6      | Noticed Grinder
  5147 | D:6      | Killed Grinder
  5148 | D:6      | Reached skill level 6 in Fire Magic
  5152 | D:6      | Noticed Eustachio
  5212 | D:6      | Reached ** piety under Vehumet
  5232 | D:6      | Gained mutation: You have hooves in place of feet. [demonic
                  | ancestry]
  5232 | D:6      | Reached XP level 9. HP: 64/65 MP: 16/16
  5307 | D:6      | Noticed Maggie
  5325 | D:6      | Offered knowledge of Shock by Vehumet.
  5334 | D:6      | Killed Maggie
  5360 | D:6      | Found a glowing drain.
  5458 | Sewer    | Entered a sewer
  5588 | Sewer    | Identified the +4 falchion "Going" {holy, rElec Int+2}
  5782 | D:6      | Killed Eustachio
  5786 | D:6      | Reached skill level 7 in Fire Magic
  5855 | D:6      | Identified the +0 leather armour of Aggut {rPois MP-9
                  | Slay+3}
  6258 | D:7      | Learned a level 1 spell: Shock
  6258 | D:7      | Found an ornate altar of the Wu Jian Council.
  6428 | D:7      | Reached skill level 5 in Necromancy
  6469 | D:7      | Found a transporter.
  6473 | D:7      | Noticed osoart's ghost (novice GrEE)
  6503 | D:7      | Found a transporter.
  6735 | D:8      | Learned a level 4 spell: Flame Wave
  6774 | D:8      | Offered knowledge of Ignite Poison by Vehumet.
  6775 | D:8      | Reached skill level 5 in Fighting
  6775 | D:8      | Gained mutation: You are mostly covered in thin metallic
                  | scales. (AC +3) [demonic ancestry]
  6775 | D:8      | Reached XP level 10. HP: 65/74 MP: 19/19
  6926 | D:8      | Reached *** piety under Vehumet
  6959 | D:8      | Found a runed translucent gate.
  6960 | D:8      | Found a runed translucent gate.
  6960 | D:8      | Found a runed translucent gate.
  6960 | D:8      | Noticed Hubris850's ghost (novice HOFi)
  7068 | D:8      | Found a staircase to the Lair.
  7158 | D:8      | Noticed Grum
  7164 | D:8      | Killed Grum
  7547 | D:9      | Offered knowledge of Iskenderun's Mystic Blast by Vehumet.
  7627 | D:9      | Reached skill level 8 in Fire Magic
  7627 | D:9      | Reached skill level 1 in Air Magic
  7712 | D:9      | Learned a level 4 spell: Iskenderun's Mystic Blast
  7739 | D:9      | Reached skill level 5 in Translocations
  7940 | D:9      | Noticed a two-headed ogre
  7946 | D:9      | Killed a two-headed ogre
  7947 | D:9      | Gained mutation: When hurt, damage is shared between your
                  | health and your magic reserves. [demonic ancestry]
  7947 | D:9      | Reached XP level 11. HP: 81/81 MP: 21/21
  8087 | D:9      | Reached **** piety under Vehumet
  8351 | Lair:1   | Entered Level 1 of the Lair of Beasts
  8439 | Lair:1   | Noticed a death yak
  8440 | Lair:1   | Noticed a death yak
  8452 | Lair:1   | Offered knowledge of Lee's Rapid Deconstruction by Vehumet.
  8452 | Lair:1   | Killed a death yak
  8452 | Lair:1   | Killed a death yak
  8453 | Lair:1   | Reached skill level 9 in Fire Magic
  8594 | Lair:1   | Reached skill level 5 in Hexes
  9760 | Lair:2   | Reached XP level 12. HP: 72/89 MP: 24/24
  9764 | Lair:2   | Noticed a five-headed hydra
  9771 | Lair:2   | Killed a five-headed hydra
  9900 | Lair:2   | Reached skill level 10 in Fire Magic
 10095 | Lair:2   | Noticed a catoblepas
 10103 | Lair:2   | Killed a catoblepas
 10631 | Lair:3   | Found a hole to the Spider Nest.
 10820 | Lair:3   | Reached ***** piety under Vehumet
 10821 | Lair:3   | Offered knowledge of Starburst by Vehumet.
 10829 | Lair:3   | Learned a level 6 spell: Starburst
 11073 | Lair:4   | Reached skill level 11 in Fire Magic
 11086 | Lair:4   | HP: 3/91 [skyshark (6)]
 11087 | Lair:4   | Slain by a skyshark

Illustrated notes

Levels and vault maps discovered:
D:1:      nicolae_arrival_washed_ashore, layout_loops_ring
D:2:      layout_loops_cross, serial_shops, shop
D:3:      layout_loops_corners, lemuel_round_altar, zin_academy, bloody_trog,
          mainiacjoe_overflow_alcove_4, ebering_ecumenical_altar_rust,
          kennysheep_generic_room_2, uniq_sigmund
D:4:      layout_cave_pools, fiery_altar_vehumet, general_overflow_altar
D:5:      layout_rooms, nicolae_ru_path_of_blood, lemuel_tele_altar,
          hellmonk_okawaru_the_only_friend_you_need,
          minmay_temple_entry_stoned_glass, enter_ossuary_5
D:6:      layout_cave_pools, portal_sewer_entry_e, kennysheep_nub,
          chequers_jeans, uniq_maggie, uniq_eustachio, uniq_grinder
D:7:      layout_rooms, nzn_wu_jian_contemplation, gammafunk_ghost_stat_death
D:8:      layout_basic, erik_lair_orcish_takeover, ebering_ghost_rock_garden,
          st_stairs_2, uniq_grum
D:9:      layout_loops_cross
Temple:   nicolae_temple_bog_church
Lair:1:   layout_cave_pods
Lair:2:   layout_misc_corridors, grunt_forest_small_clearings,
          grunt_forest_stairs_clearing
Lair:3:   layout_chaotic_city, nicolae_shoals_entry_flooding,
          spider_nest_entry_webs
Lair:4:   layout_long_grid, nicolae_quartered_pool_medium, grunt_megastairs_2

Skill      XL: |  1  2  3  4  5  6  7  8  9 10 11 12 |
---------------+-------------------------------------+-----
Fire Magic     | 3 4 5 6 7 8 9 11 | 11.1
Dodging        | 2 3 |  3.6
Stealth        | 2 |  2.9
Fighting       | 1 2 3 5 6 7 |  7.3
Necromancy     | 1 2 4 5 6 7 |  7.4
Translocations | 1 2 3 5 6 |  6.2
Spellcasting   | 3 4 5 6 7 8 9 |  9.2
Conjurations   | 2 3 4 |  4.4
Hexes          | 1 2 3 4 5 6 |  6.0
Air Magic      | 1 3 4 |  4.1
Short Blades   | |  0.7
Staves         | |  0.3

Action                     |  1- 3 |  4- 6 |  7- 9 | 10-12 || total
---------------------------+-------+-------+-------+-------++-------
  Melee: Dagger            |    20 |    49 |       |     1 ||    70
         Kick              |     8 |     9 |     4 |     3 ||    24
         Staff             |       |       |    11 |    13 ||    24
   Cast: Foxfire           |    61 |    60 |   200 |   267 ||   588
         Scorch            |     5 |    21 |    63 |   105 ||   194
         Inner Flame       |       |     2 |     5 |    15 ||    22
         Apportation       |       |     3 |       |       ||     3
         Volatile Blastmot |       |       |     6 |    10 ||    16
         Kiss of Death     |       |       |     1 |     1 ||     2
         Flame Wave        |       |       |       |     9 ||     9
         Iskenderun's Myst |       |       |       |     5 ||     5
    Use: Potion            |       |       |     3 |     3 ||     6
         Scroll            |       |       |       |    11 ||    11
   Stab: Sleeping          |     3 |     1 |       |     1 ||     5
 Armour: Robe              |    25 |    44 |    69 |   206 ||   344
  Dodge: Dodged            |    28 |    42 |    57 |   111 ||   238

Table legend: (Time is in decaauts)
 A = Elapsed time spent in this place.
 B = Non-inter-level travel time spent in this place.
 C = Inter-level travel time spent in this place.
 D = Time resting spent in this place.
 E = Time spent auto-exploring this place.
 F = Levels seen in this place.
 G = Mean time per level.
                   A        B        C        D        E       F      G
               +--------+--------+--------+--------+--------+-----+--------+
         Total |  11113 |  10710 |    403 |    511 |   7604 |  16 |  694.6 |
       Dungeon |   7720 |   7447 |    273 |    305 |   5254 |   9 |  857.8 |
        Temple |      1 |      1 |      0 |      0 |      0 |   1 |    1.0 |
          Lair |   2743 |   2614 |    129 |      3 |   2093 |   4 |  685.8 |
         Sewer |    195 |    195 |      0 |      0 |    146 |   1 |  195.0 |
       Ossuary |    452 |    452 |      0 |    203 |    111 |   1 |  452.0 |
               +--------+--------+--------+--------+--------+-----+--------+

Top non-repeatable levels by time:
     D:1: 1209 daAuts
     D:3: 1142 daAuts
  Lair:1: 1025 daAuts
     D:8: 921 daAuts
     D:6: 868 daAuts
  Lair:2: 866 daAuts
     D:2: 821 daAuts
  Lair:3: 774 daAuts
     D:5: 772 daAuts
     D:9: 767 daAuts
     D:4: 738 daAuts
     D:7: 478 daAuts
 Ossuary: 452 daAuts
   Sewer: 195 daAuts
  Lair:4: 76 daAuts
